[Event "Titled Tuesday Blitz April 18 Late 2023"]
[White "Bartel, Mateusz"]
[Black "Mendez Fortes, Eduardo Jesus"]
[WhiteFideId "1112635"]
[BlackFideId "3502376"]
[WhiteElo "2521"]
[BlackElo "2307"]
[Result "1/2-1/2"]
[Round "05"]
[TimeControl "180+2"]
[Date "2023.04.18"]
[WhiteClock "0:00:20"]
[BlackClock "0:00:06"]

1. e4 c5 2. d4 cxd4 3. c3 dxc3 4. Nxc3 Nc6 5. Nf3 e6 6. Bc4 a6 7. O-O b5 8. Bb3 Bb7 9. Bf4 Rc8 10. Re1 Nge7 11. Qd2 Na5 12. Rad1 Nxb3 13. axb3 Ng6 14. Bd6 Bxd6 15. Qxd6 Qc7 16. Qd4 f6 17. Rd2 Ne5 18. Nxe5 fxe5 19. Qd3 Bc6 20. b4 O-O 21. Qd6 Qxd6 22. Rxd6 Kf7 23. f3 Ke7 24. Red1 Ra8 25. Kf2 a5 26. bxa5 Rxa5 27. R6d2 Rfa8 28. Ne2 Ra1 29. Nc1 Rb1 30. Nd3 Rxd1 31. Rxd1 d6 32. Ke3 Ra4 33. b4 Ra2 34. Rd2 Rxd2 35. Kxd2 g5 36. g4 Kf6 37. Ke3 d5 38. Nc5 Be8 39. h3 h5 40. Nd3 Bf7 41. Nc1 Be8 42. Nb3 Bc6 43. Nc5 Be8 44. Na6 Bc6 45. Nc5 Be8 1/2-1/2


[Site "https://www.chess.com"]

[Event "Titled Tuesday Blitz April 18 Late 2023"]
[White "Adla, Diego"]
[Black "Karacsonyi, Gellert"]
[WhiteFideId "100072"]
[BlackFideId "764620"]
[WhiteElo "2377"]
[BlackElo "2308"]
[Result "0-1"]
[Round "05"]
[TimeControl "180+2"]
[Date "2023.04.18"]
[WhiteClock "0:00:58"]
[BlackClock "0:00:38"]

1. e4 c5 2. Nf3 Nc6 3. d4 cxd4 4. Nxd4 g6 5. c4 Nf6 6. Nc3 d6 7. Be2 Nxd4 8. Qxd4 Bg7 9. Be3 O-O 10. f3 Ng4 11. Qd2 Nxe3 12. Qxe3 Be6 13. O-O Qb6 14. Qxb6 axb6 15. Rfc1 Rfc8 16. b3 b5 17. Nxb5 Bxa1 18. Rxa1 Bd7 19. Nc3 Kf8 20. a4 e6 21. Rd1 Ke7 22. Kf2 f5 23. Ke3 Bc6 24. h3 e5 25. Bd3 f4+ 26. Kd2 g5 27. Rh1 Rg8 28. Be2 h5 29. Kc2 Rg7 30. Rd1 b6 31. Rd2 Kd7 32. Rd1 Kc7 33. Rd2 Rg6 34. Rd1 Kb7 35. Rd2 Bd7 36. Rd1 g4 37. hxg4 hxg4 38. fxg4 Bxg4 39. Bxg4 Rxg4 40. Rxd6 Rxg2+ 41. Kd3 Rg3+ 42. Kc2 Rf8 43. Nd5 f3 44. Rxb6+ Ka7 45. a5 f2 46. Nc7 Rg7 47. Nb5+ Ka8 48. Ra6+ Kb8 49. Rb6+ Rb7 0-1


[Site "https://www.chess.com"]

[Event "Titled Tuesday Blitz April 18 Late 2023"]
[White "Rustemov, Alexander"]
[Black "Rastbod, Ali"]
[WhiteFideId "4119002"]
[BlackFideId "12567477"]
[WhiteElo "2860"]
[BlackElo "2248"]
[Result "1-0"]
[Round "05"]
[TimeControl "180+2"]
[Date "2023.04.18"]
[WhiteClock "0:00:08"]
[BlackClock "0:00:07"]

1. d4 Nf6 2. c4 e6 3. Nf3 Bb4+ 4. Bd2 Qe7 5. g3 O-O 6. Bg2 b6 7. O-O Bb7 8. Bf4 Bd6 9. Bxd6 cxd6 10. Nc3 Rc8 11. Qd3 Nc6 12. b3 d5 13. cxd5 Nb4 14. Qd2 Nbxd5 15. Nxd5 Bxd5 16. Rfc1 Qf8 17. Ne1 Bxg2 18. Kxg2 Qd6 19. Qd3 Nd5 20. e4 Nb4 21. Qd2 a5 22. Nf3 Rc6 23. Ne5 Rcc8 24. Nc4 Qb8 25. a3 Nc6 26. e5 Nd8 27. Nd6 Rxc1 28. Rxc1 Nb7 29. Nb5 d6 30. Qc3 dxe5 31. dxe5 Nc5 32. b4 axb4 33. axb4 Qb7+ 34. Kg1 Ne4 35. Qf3 Nc5 36. Qxb7 Nxb7 37. Rc7 Nd8 38. Nd6 f6 39. exf6 gxf6 40. Ne4 Kf8 41. Nxf6 Ra1+ 42. Kg2 h6 43. Nd7+ Ke8 44. Nxb6 Rb1 45. Rc4 Nb7 46. Na4 Nd6 47. Rh4 Nf5 48. Re4 Kf7 49. Nc5 Ng7 50. h4 h5 51. Nd3 Nf5 52. Nf4 Ng7 53. Re5 Kf6 54. Rb5 e5 55. Nd5+ Kf5 56. Ne3+ Ke4 57. Rb7 Ne6 58. Rh7 Nd4 59. Rxh5 Nf3 60. Rh8 Rg1+ 61. Kh3 Rh1+ 62. Kg4 Nh2+ 63. Kg5 Nf3+ 64. Kg6 Rc1 65. Ng4 Rc6+ 66. Kf7 Kf5 67. Ne3+ Ke4 68. Rb8 Nd4 69. b5 Rh6 70. b6 Rh7+ 71. Kg6 Rd7 72. b7 Nc6 73. Rf8 Ne7+ 74. Kf6 Nc6 75. Rf7 Rxf7+ 76. Kxf7 Nd8+ 77. Kg7 Nxb7 78. h5 Nd6 79. h6 Nf5+ 80. Kg6 Nxh6 81. Kxh6 Kf3 82. g4 e4 83. g5 Kxf2 84. Nd5 Kf3 85. g6 e3 86. Nxe3 Kxe3 87. g7 1-0


[Site "https://www.chess.com"]

[Event "Titled Tuesday Blitz April 18 Late 2023"]
[White "Leiva, Gianmarco"]
[Black "Baskakov, Egor"]
[WhiteFideId "3804399"]
[BlackFideId "24197866"]
[WhiteElo "2345"]
[BlackElo "2212"]
[Result "1-0"]
[Round "05"]
[TimeControl "180+2"]
[Date "2023.04.18"]
[WhiteClock "0:00:46"]
[BlackClock "0:01:12"]

1. e4 c5 2. Nf3 Nf6 3. Nc3 d5 4. Bb5+ Bd7 5. Bxd7+ Qxd7 6. d3 Nc6 7. O-O e5 8. Bg5 d4 9. Bxf6 gxf6 10. Nd5 Be7 11. Nh4 Nb4 12. Nxe7 Kxe7 13. Nf5+ Kd8 14. a3 Nc6 15. c3 Ne7 16. Nh6 Ke8 17. b4 cxb4 18. cxd4 bxa3 19. d5 f5 20. Qh5 Rf8 21. Rxa3 fxe4 22. dxe4 Qd6 23. Rfa1 a6 24. Ng4 Ng6 25. Rb3 b6 26. Qf5 Ke7 27. Rc3 Rfd8 28. Rc6 Qd7 29. Qf6+ Kf8 30. Nxe5 Nxe5 31. Qh8+ Ke7 32. Qxe5+ Kf8 33. Rc7 1-0


[Site "https://www.chess.com"]

[Event "Titled Tuesday Blitz April 18 Late 2023"]
[White "Costachi, Mihnea"]
[Black "Kleiman, Jake"]
[WhiteFideId "1217518"]
[BlackFideId "2020041"]
[WhiteElo "2456"]
[BlackElo "2621"]
[Result "1-0"]
[Round "05"]
[TimeControl "180+2"]
[Date "2023.04.18"]
[WhiteClock "0:00:33"]
[BlackClock "0:00:01"]

1. Nc3 e5 2. e4 Nf6 3. Bc4 Nc6 4. d3 Na5 5. Nf3 d6 6. h3 Be7 7. O-O O-O 8. Bg5 c6 9. Bb3 h6 10. Be3 d5 11. exd5 cxd5 12. d4 e4 13. Ne5 Be6 14. f3 exf3 15. Qxf3 Nxb3 16. axb3 a6 17. Qg3 Kh7 18. Rf3 Rc8 19. Raf1 b5 20. Ng4 Nxg4 21. hxg4 b4 22. Ne2 Rxc2 23. Nf4 Qd7 24. Nh5 Qd8 25. Bxh6 gxh6 26. Rf6 Bxf6 27. Nxf6+ Kg7 28. Qd3 Qxf6 29. Rxf6 Kxf6 30. Qxc2 Rc8 31. Qd2 Kg7 32. g5 hxg5 33. Qxg5+ Kf8 34. Qh6+ Ke7 35. Qh4+ Kd7 36. Qe1 a5 37. Qa1 Ra8 38. Qa4+ Kd6 39. Qb5 Rc8 40. Qxa5 Bf5 41. Qxb4+ Ke6 42. Qb6+ Ke7 43. Qb7+ Kf6 44. Qxd5 Rc2 45. Qe5+ Kg6 46. d5 Rd2 47. Qg3+ 1-0


[Site "https://www.chess.com"]

[Event "Titled Tuesday Blitz April 18 Late 2023"]
[White "Smirnov, Pavel"]
[Black "Danielyan, Vahe"]
[WhiteFideId "4123425"]
[BlackFideId "13304828"]
[WhiteElo "2519"]
[BlackElo "2423"]
[Result "1-0"]
[Round "05"]
[TimeControl "180+2"]
[Date "2023.04.18"]
[WhiteClock "0:02:43"]
[BlackClock "0:02:53"]

1. d4 Nf6 2. c4 g6 3. g3 d5 4. Nf3 Bg7 5. Bg2 O-O 6. cxd5 Nxd5 7. O-O Nc6 8. e4 Nb6 9. d5 Na5 10. Nc3 c6 11. Bf4 cxd5 12. Nxd5 Nxd5 13. exd5 Nc4 14. Qe2 Bg4 15. Qxc4 1-0


[Site "https://www.chess.com"]

[Event "Titled Tuesday Blitz April 18 Late 2023"]
[White "Sabuk, Piotr"]
[Black "Fier, Alexandr"]
[WhiteFideId "1137565"]
[BlackFideId "2107139"]
[WhiteElo "2298"]
[BlackElo "2610"]
[Result "1-0"]
[Round "05"]
[TimeControl "180+2"]
[Date "2023.04.18"]
[WhiteClock "0:00:17"]
[BlackClock "0:01:08"]

1. d4 Nf6 2. c4 c5 3. d5 e6 4. Nc3 exd5 5. cxd5 d6 6. e4 g6 7. Nf3 a6 8. a4 Bg4 9. Be2 Bxf3 10. Bxf3 Bg7 11. O-O Nbd7 12. Be2 O-O 13. Be3 Re8 14. f3 h5 15. Qd2 Rc8 16. Rfc1 Ne5 17. Rab1 h4 18. h3 Nh5 19. f4 Nd7 20. Bxh5 gxh5 21. e5 dxe5 22. fxe5 Nxe5 23. Bg5 Qd7 24. Rf1 Ng6 25. Qd1 Bd4+ 26. Kh1 Re5 27. Bf6 Re3 28. Bxd4 cxd4 29. Qxd4 Rce8 30. Kg1 R8e5 31. d6 Nf8 32. Nd5 Rxd5 33. Qxd5 Rg3 34. Rbe1 Qxh3 35. Qxf7+ Kh8 36. Qxf8+ 1-0


[Site "https://www.chess.com"]

[Event "Titled Tuesday Blitz April 18 Late 2023"]
[White "Llorente Zaro, Alfonso"]
[Black "Lizak, Peter"]
[WhiteFideId "2254131"]
[BlackFideId "731595"]
[WhiteElo "2485"]
[BlackElo "2420"]
[Result "1/2-1/2"]
[Round "05"]
[TimeControl "180+2"]
[Date "2023.04.18"]
[WhiteClock "0:00:04"]
[BlackClock "0:00:29"]

1. e4 c6 2. Nf3 d5 3. d3 dxe4 4. dxe4 Qxd1+ 5. Kxd1 Bg4 6. Nd2 Nd7 7. c3 Ne5 8. Be2 Nxf3 9. Bxf3 Bxf3+ 10. Nxf3 e6 11. Be3 Nf6 12. e5 Ng4 13. Ke2 Nxe3 14. Kxe3 Bc5+ 15. Ke2 O-O-O 16. Rhd1 h6 17. Nd2 Rd5 18. f4 Rhd8 19. Ne4 Be7 20. g3 b5 21. Rd2 a5 22. Rad1 a4 23. b3 axb3 24. axb3 Kb7 25. c4 bxc4 26. bxc4 Rxd2+ 27. Rxd2 Rxd2+ 28. Kxd2 Kb6 29. Kd3 f5 30. exf6 gxf6 31. g4 Kc7 32. f5 exf5 33. gxf5 Bd6 34. Nxf6 Bxh2 35. Ng4 Bf4 36. Ke4 Bg5 37. f6 Kd6 38. Kf5 Bxf6 39. Kxf6 Kc5 40. Ne5 h5 41. Kf5 Kd4 42. Ke6 h4 43. Kd6 c5 44. Nf3+ Kxc4 45. Nxh4 Kb4 46. Nf3 c4 47. Nd4 c3 48. Nc2+ Kc4 49. Ne3+ Kd3 50. Nd5 c2 51. Nb4+ Kc3 52. Nxc2 1/2-1/2


[Site "https://www.chess.com"]

[Event "Titled Tuesday Blitz April 18 Late 2023"]
[White "Kushko, Dmitriy"]
[Black "Suder, Jakub"]
[WhiteFideId "14162261"]
[BlackFideId "1195310"]
[WhiteElo "2230"]
[BlackElo "2287"]
[Result "0-1"]
[Round "05"]
[TimeControl "180+2"]
[Date "2023.04.18"]
[WhiteClock "0:00:11"]
[BlackClock "0:00:12"]

1. f4 d5 2. Nf3 Nf6 3. g3 c5 4. Bg2 Nc6 5. O-O g6 6. d3 Bg7 7. Qe1 O-O 8. e4 dxe4 9. dxe4 Nd4 10. Nxd4 cxd4 11. e5 Nd5 12. Qf2 Ne3 13. Bxe3 dxe3 14. Qxe3 Qc7 15. Nc3 Be6 16. Rfd1 Rfd8 17. Rxd8+ Rxd8 18. Qxa7 Rd2 19. Rc1 Bf5 20. Qe3 Rxc2 21. Rxc2 Bxc2 22. Nd5 Qa5 23. Qc3 Qxc3 24. Nxc3 f6 25. exf6 Bxf6 26. Bxb7 Bd4+ 27. Kg2 Kg7 28. Kf3 Bd3 29. Be4 Bc4 30. a3 Kf6 31. h4 e5 32. fxe5+ Kxe5 33. Bc2 Bf7 34. Nd1 h6 35. Ne3 g5 36. hxg5 hxg5 37. b4 Bh5+ 38. g4 Be8 39. Bd3 Bc6+ 40. Ke2 Kf4 41. Nc2 Bb6 42. b5 Bf3+ 43. Kd2 Bxg4 44. a4 Ba5+ 45. Kc1 Bd7 46. Bc4 g4 47. Bd5 g3 48. Kb2 Bf5 49. Na3 Be4 50. Bxe4 Kxe4 51. Nc4 g2 52. Nxa5 g1=Q 53. Nb3 Qb6 54. Ka3 Kd5 55. Kb4 Qd6+ 56. Kc3 Qc7+ 57. Kb4 Qc4+ 58. Ka3 Kd6 59. Na5 Qc3+ 60. Nb3 Kc7 61. a5 Kb7 62. Ka4 Qc4+ 63. Ka3 Qxb5 64. Kb2 Qb4 65. Kc2 Ka6 66. Kb2 Kb5 67. Kc2 Kc4 68. Nd2+ Kd5 69. Nb3 Qc4+ 70. Kb2 Qb4 71. Kc2 Qa3 72. Kc3 Kc6 73. Kc4 Qa4+ 74. Kc3 Kb5 75. Kb2 Qb4 76. Kc2 Ka4 77. Nd2 Kxa5 78. Nb3+ Kb5 79. Nd2 Kc6 80. Nb1 Kd5 81. Nc3+ Kc4 82. Nd1 Qb3+ 83. Kd2 Qa2+ 84. Ke3 Qc2 85. Nf2 Qc3+ 86. Ke4 Qd4+ 87. Kf3 Kd5 88. Nh3 Qe4+ 89. Kg3 Ke5 90. Nf2 Qf4+ 91. Kg2 Kf5 92. Nh3 Qe3 93. Kh2 Kg4 94. Ng1 Qf2+ 95. Kh1 Qd2 96. Nh3 Kxh3 0-1


[Site "https://www.chess.com"]

[Event "Titled Tuesday Blitz April 18 Late 2023"]
[White "Beerdsen, Thomas"]
[Black "Pinheiro, Iung Alicio de O."]
[WhiteFideId "1030108"]
[BlackFideId "2104350"]
[WhiteElo "2547"]
[BlackElo "2283"]
[Result "1/2-1/2"]
[Round "05"]
[TimeControl "180+2"]
[Date "2023.04.18"]
[WhiteClock "0:00:24"]
[BlackClock "0:00:06"]

1. e4 c5 2. Nf3 Nc6 3. Bc4 e6 4. O-O a6 5. Re1 d6 6. c3 Nf6 7. d4 cxd4 8. cxd4 Be7 9. Nc3 O-O 10. Bf4 b5 11. Bb3 Na5 12. Bc2 Bb7 13. Rc1 Rc8 14. h3 Nc4 15. Bb1 Nh5 16. Bh2 g6 17. Qe2 Qa5 18. g4 Nf6 19. Bd3 Qb4 20. b3 Na5 21. Qb2 Nc4 22. Qe2 Na5 23. Qd2 Nc6 24. Bb1 e5 25. dxe5 dxe5 26. Nxe5 Rfd8 27. Qh6 Nd4 28. Qe3 Bd6 29. Nd3 Bxh2+ 30. Kxh2 Qd6+ 31. Kg1 Re8 32. Nf4 b4 33. Nce2 Nxe2+ 34. Nxe2 Rxc1 35. Qxc1 Bxe4 36. Bxe4 Rxe4 37. Ng3 Rxe1+ 38. Qxe1 a5 39. g5 Nh5 40. Qe8+ Kg7 41. Nxh5+ gxh5 42. Qe4 Qd1+ 43. Kg2 Qd6 44. h4 h6 45. Qf5 hxg5 46. hxg5 Qc6+ 47. Kh2 Qd6+ 48. Kh3 Qc7 49. f3 Qc1 50. Qf6+ Kg8 51. Kg3 Qg1+ 52. Kf4 Qc1+ 53. Ke4 Qc2+ 54. Kd5 Qxa2 55. Qd8+ Kg7 56. Qf6+ Kg8 57. Kc4 Qc2+ 58. Kb5 Qxb3 59. Kxa5 Qa3+ 60. Kb5 b3 61. g6 Qf8 62. Ka4 fxg6 63. Qxg6+ Qg7 64. Qe8+ Qf8 65. Qxh5 Qb8 66. Qg6+ Kf8 67. Qf6+ Kg8 68. Qe6+ Kg7 69. Qg4+ Kf6 70. Qd4+ Kf5 71. Qd3+ Kf4 72. Qe4+ Kg3 73. Qe1+ Kxf3 74. Qd1+ Ke3 75. Qe1+ Kd3 76. Qd1+ Kc3 77. Qc1+ Kd3 78. Qd1+ Kc3 79. Qf3+ Kc2 80. Qe2+ Kc1 81. Qe1+ Kc2 82. Qe2+ Kc3 83. Qe3+ Kc2 84. Qc5+ Kb1 85. Qf5+ Kb2 86. Qf6+ Kc2 87. Qf2+ Kc1 88. Qe1+ Kc2 89. Qe2+ 1/2-1/2


[Site "https://www.chess.com"]

[Event "Titled Tuesday Blitz April 18 Late 2023"]
[White "Flores, Diego"]
[Black "Koellner, Ruben Gideon"]
[WhiteFideId "108049"]
[BlackFideId "12993093"]
[WhiteElo "2613"]
[BlackElo "2314"]
[Result "1/2-1/2"]
[Round "05"]
[TimeControl "180+2"]
[Date "2023.04.18"]
[WhiteClock "0:00:07"]
[BlackClock "0:00:06"]

1. c4 d6 2. Nc3 e5 3. g3 Nf6 4. Bg2 Be7 5. e4 Be6 6. d3 c6 7. Nge2 d5 8. exd5 cxd5 9. Bg5 d4 10. Bxf6 Bxf6 11. Nd5 Nd7 12. O-O O-O 13. f4 exf4 14. Nexf4 Be5 15. Qe2 Rb8 16. Rae1 b5 17. b3 bxc4 18. bxc4 Kh8 19. Be4 Bxd5 20. Nxd5 g6 21. Bg2 f5 22. Qf2 Re8 23. Re2 Bg7 24. Rxe8+ Qxe8 25. Re1 Qf8 26. h4 Ne5 27. Qe2 Qd6 28. Nf4 Ng4 29. Qe7 Qxe7 30. Rxe7 Be5 31. Bd5 Rb1+ 32. Kg2 Rb2+ 33. Kf1 Bxf4 34. gxf4 Ne3+ 35. Kg1 Rxa2 36. Be6 Rc2 37. Rxa7 Rc1+ 38. Kf2 Rc2+ 39. Kf3 Ng4 40. h5 gxh5 41. Bxf5 Nf6 42. Rf7 Ng4 43. Rxh7+ Kg8 44. Rxh5 Ne3 45. Be6+ Kg7 46. Ra5 Kf6 47. f5 Rc3 48. Ke4 Nc2 49. Ra6 Rb3 50. Bd5+ Kg5 51. f6 Rb1 52. Bg8 Re1+ 53. Kd5 Rf1 54. Ra5 Rf5+ 55. Ke6 Rxa5 56. f7 Rf5 57. Ke7 Nb4 58. f8=Q Rxf8 59. Kxf8 Nxd3 60. Bh7 Ne5 61. Ke7 Nxc4 62. Ke6 Nb2 63. Kd5 d3 64. Bxd3 1/2-1/2


[Site "https://www.chess.com"]

[Event "Titled Tuesday Blitz April 18 Late 2023"]
[White "Ozates, Tuna"]
[Black "Holt, Conrad"]
[WhiteFideId "6354521"]
[BlackFideId "2034387"]
[WhiteElo "2151"]
[BlackElo "2592"]
[Result "0-1"]
[Round "05"]
[TimeControl "180+2"]
[Date "2023.04.18"]
[WhiteClock "0:00:08"]
[BlackClock "0:00:35"]

1. e4 e6 2. d4 d5 3. exd5 exd5 4. Bd3 Nc6 5. c3 Bd6 6. Qf3 Nce7 7. Bf4 Bxf4 8. Qxf4 Nf6 9. Nf3 O-O 10. O-O Ng6 11. Qd2 Ne4 12. Qc2 Re8 13. Nbd2 Bg4 14. h3 Nxd2 15. Nxd2 Bxh3 16. Bxg6 Qg5 17. Bxh7+ Kh8 18. g3 Bxf1 19. Nxf1 g6 20. Bxg6 fxg6 21. Qd3 Re7 22. Ne3 Rf8 23. Kg2 Qh5 24. Rh1 Rxf2+ 25. Kg1 Rf3 26. Rxh5+ gxh5 27. Qg6 Rfxe3 28. Qxh5+ Kg7 29. Qg5+ Kf8 30. Qf5+ Ke8 31. Qc8+ Kf7 32. Qf5+ Kg8 33. Qg6+ Rg7 34. Qf5 Rexg3+ 35. Kh2 R3g5 36. Qc8+ Kh7 37. Qh3+ Kg6 38. Qe6+ Kh7 39. Qh3+ Kg8 40. Qc8+ Kf7 41. Qxc7+ Ke6 42. Qc8+ Kf6 43. Qd8+ Kg6 44. Qd6+ Kh7 0-1


[Site "https://www.chess.com"]

[Event "Titled Tuesday Blitz April 18 Late 2023"]
[White "Klenburg, Michael"]
[Black "Ashraf, Artin"]
[WhiteFideId "14102072"]
[BlackFideId "22514805"]
[WhiteElo "2396"]
[BlackElo "2188"]
[Result "1-0"]
[Round "05"]
[TimeControl "180+2"]
[Date "2023.04.18"]
[WhiteClock "0:00:26"]
[BlackClock "0:00:01"]

1. e4 e5 2. Nf3 Nc6 3. Bb5 Nge7 4. O-O a6 5. Ba4 g6 6. d4 b5 7. Bb3 exd4 8. Ng5 d5 9. exd5 h6 10. Nxf7 Kxf7 11. dxc6+ Kg7 12. Qf3 Nf5 13. Bf4 Bd6 14. Nd2 Rf8 15. Bxd6 Qxd6 16. Qd5 Qf4 17. Nf3 a5 18. a4 b4 19. Rfe1 Ba6 20. Qe5+ Qxe5 21. Rxe5 Rae8 22. Rae1 Rxe5 23. Rxe5 d3 24. cxd3 Bxd3 25. Rxa5 Be4 26. Ra7 Bxf3 27. Rxc7+ Kf6 28. gxf3 Nd4 29. Bd5 Rd8 30. Rd7 Rxd7 31. cxd7 Ke7 32. Be4 g5 33. Kg2 Kxd7 34. Kg3 Ne2+ 35. Kg4 Nf4 36. Kf5 Nh3 37. Kg6 Nxf2 38. Kxh6 g4 39. Kg5 gxf3 40. Bxf3 Nd3 41. b3 Nc5 42. Bd1 Kd6 43. h4 Ke5 44. h5 Ne6+ 45. Kg6 Nf8+ 46. Kf7 Nh7 47. Kg7 Ng5 48. h6 Kd4 49. h7 1-0


[Site "https://www.chess.com"]

[Event "Titled Tuesday Blitz April 18 Late 2023"]
[White "Yuan, Qingyu"]
[Black "Fiorito, Francisco"]
[WhiteFideId "8609772"]
[BlackFideId "180165"]
[WhiteElo "2359"]
[BlackElo "2341"]
[Result "0-1"]
[Round "05"]
[TimeControl "180+2"]
[Date "2023.04.18"]
[WhiteClock "0:00:03"]
[BlackClock "0:00:06"]

1. e4 e5 2. Nf3 Nf6 3. Nxe5 d6 4. Nf3 Nxe4 5. Nc3 Nxc3 6. dxc3 Be7 7. Bf4 O-O 8. Qd2 Nd7 9. O-O-O Nf6 10. Bd3 Re8 11. h3 c5 12. Rhe1 Be6 13. a3 a6 14. Ng5 Bd7 15. Bc4 Rf8 16. Rxe7 Qxe7 17. Bxd6 Qd8 18. Bxf8 Qxf8 19. Nxf7 Bb5 20. Nh6+ Kh8 21. Nf7+ Kg8 22. Be6 Re8 23. Ng5+ Kh8 24. Bf7 Ra8 25. Ba2 c4 26. Qd4 h6 27. Ne6 Qf7 28. Nf4 Re8 29. a4 Bxa4 30. Bxc4 Qc7 31. Ng6+ Kh7 32. Bd3 Bc6 33. Ne7+ Kh8 34. Ng6+ Kg8 35. Qc4+ Kh7 36. Kb1 Qa5 37. Ne7+ Kh8 38. Nxc6 bxc6 39. Qxc6 Rb8 40. Re1 Qa3 41. b3 Qf8 42. Re6 Rc8 43. Qf3 Rxc3 44. Qf5 Kg8 45. Qg6 Rc7 46. Rxa6 Re7 47. Rd6 Re1+ 48. Kb2 Qxd6 49. Bc4+ Kh8 50. Qf7 Qe5+ 51. c3 Qe7 52. Qg6 Qd8 53. Qf5 Qd2+ 54. Ka3 Ra1+ 55. Kb4 Qd6+ 56. Kb5 Qd7+ 57. Kb4 Qxf5 0-1


[Site "https://www.chess.com"]

[Event "Titled Tuesday Blitz April 18 Late 2023"]
[White "Al-Tarboush, Ward"]
[Black "Gaehwiler, Gabriel"]
[WhiteFideId "7601450"]
[BlackFideId "1314530"]
[WhiteElo "2265"]
[BlackElo "2437"]
[Result "0-1"]
[Round "05"]
[TimeControl "180+2"]
[Date "2023.04.18"]
[WhiteClock "0:00:02"]
[BlackClock "0:00:18"]

1. e4 c5 2. Nf3 d6 3. d4 Nf6 4. Nc3 cxd4 5. Nxd4 a6 6. h3 e6 7. g4 d5 8. Nde2 Nc6 9. Bg2 d4 10. e5 Nxe5 11. Nxd4 Bc5 12. Be3 Nc4 13. Nxe6 Bxe6 14. Qxd8+ Rxd8 15. Bxc5 b6 16. Be3 Ke7 17. O-O b5 18. Rad1 Nxe3 19. fxe3 Rc8 20. a3 Rc5 21. Rd4 Rhc8 22. Rfd1 h6 23. Kh2 R8c7 24. Kg3 Nd7 25. Bd5 Nb6 26. Bxe6 fxe6 27. Re4 R7c6 28. Ne2 Nc4 29. Nd4 Rb6 30. Nf5+ Kf6 31. Nd4 g6 32. Rf1+ Ke7 33. Rf2 Nxb2 34. Nf3 Nc4 35. Nh4 Rg5 36. Rd4 Rb7 37. Rf3 Ne5 38. Rf1 Rc7 39. Rfd1 Nc6 40. R4d2 Na5 41. Nf3 Rgc5 42. Nd4 Nc4 43. Rd3 Rd5 44. Rf1 Ne5 45. Rd2 Rc3 46. Re2 Nc4 47. Rf3 Rxa3 48. e4 Rxf3+ 49. Nxf3 Rc5 50. e5 Nb6 51. Nd4 Nd5 52. Rf2 Rc3+ 53. Kh2 b4 54. Rf1 Rc4 55. Nb3 Rxc2+ 56. Kg3 Rc3+ 57. Rf3 Rxf3+ 58. Kxf3 Kd7 59. Ke4 Kc6 60. Kd4 Kb5 61. Nc5 Nc7 62. h4 a5 63. Nb7 a4 64. Nd6+ Kc6 65. Kc4 b3 0-1


[Site "https://www.chess.com"]

[Event "Titled Tuesday Blitz April 18 Late 2023"]
[White "Begmuratov, Alisher"]
[Black "liwadas82"]
[WhiteFideId "14203367"]
[WhiteElo "2387"]
[BlackElo "2536"]
[Result "0-1"]
[Round "05"]
[TimeControl "180+2"]
[Date "2023.04.18"]
[WhiteClock "0:00:12"]
[BlackClock "0:00:12"]

1. d4 Nf6 2. Nf3 e6 3. Bf4 b6 4. e3 Bb7 5. Be2 d5 6. h3 Bd6 7. Bxd6 Qxd6 8. O-O O-O 9. c3 c5 10. Nbd2 Nbd7 11. a4 e5 12. dxe5 Nxe5 13. Nxe5 Qxe5 14. Bf3 Rad8 15. Qb3 Ba6 16. Rfe1 Bd3 17. Rad1 Qf5 18. Qa3 h6 19. Be2 Bxe2 20. Rxe2 d4 21. cxd4 cxd4 22. e4 Qe6 23. Qd3 Qc6 24. Nc4 Qxa4 25. b3 Qb5 26. g3 Rfe8 27. e5 Nd5 28. Nd6 Qxd3 29. Rxd3 Nc3 30. Rxc3 dxc3 31. Nxe8 Rxe8 32. Rc2 Rc8 33. Kf1 b5 34. b4 Rc4 35. Ke2 Rxb4 36. Rxc3 Re4+ 37. Re3 Rxe3+ 38. Kxe3 Kf8 39. f4 Ke7 40. f5 a5 41. Kd4 a4 42. Kc3 Kd7 43. h4 h5 44. Kb4 Kc6 45. f6 gxf6 46. exf6 Kd6 47. g4 hxg4 48. h5 Ke6 49. h6 Kxf6 50. h7 Kg7 51. h8=Q+ Kxh8 0-1


[Site "https://www.chess.com"]

[Event "Titled Tuesday Blitz April 18 Late 2023"]
[White "Graif, William"]
[Black "Djordjevic, Vuk"]
[WhiteFideId "2609835"]
[BlackFideId "902098"]
[WhiteElo "2205"]
[BlackElo "2452"]
[Result "0-1"]
[Round "05"]
[TimeControl "180+2"]
[Date "2023.04.18"]
[WhiteClock "0:00:07"]
[BlackClock "0:00:06"]

1. e4 d5 2. d4 dxe4 3. Nc3 Nf6 4. Bg5 Nbd7 5. f3 exf3 6. Nxf3 h6 7. Bh4 e6 8. Bd3 Be7 9. Qe2 c6 10. O-O-O Nd5 11. Nxd5 Bxh4 12. Nxh4 cxd5 13. Ng6 fxg6 14. Qxe6+ Qe7 15. Qxg6+ Kd8 16. Kb1 Re8 17. Qg3 Nf6 18. Bg6 Rf8 19. Rhe1 Ne4 20. Bxe4 dxe4 21. d5 Bf5 22. d6 Qd7 23. Rf1 Rc8 24. Qh4+ Ke8 25. Qh5+ g6 26. Qxh6 Rg8 27. g4 Bxg4 28. Rd4 Bf5 29. Qg5 Rd8 30. Qf6 Qe6 31. Qg5 Kd7 32. Qf4 Rc8 33. Rb4 b6 34. Rb3 Rc6 35. Re3 Qxd6 36. Rfe1 Qxf4 37. R3e2 Qe5 38. Rd1+ Rd6 39. Rde1 Qe6 40. Re3 Rc8 0-1


[Site "https://www.chess.com"]

[Event "Titled Tuesday Blitz April 18 Late 2023"]
[White "Lenaerts, Lennert"]
[Black "Kosteniuk, Alexandra"]
[WhiteFideId "211435"]
[BlackFideId "4128125"]
[WhiteElo "2334"]
[BlackElo "2453"]
[Result "1/2-1/2"]
[Round "05"]
[TimeControl "180+2"]
[Date "2023.04.18"]
[WhiteClock "0:00:31"]
[BlackClock "0:00:05"]

1. d4 f5 2. g3 Nf6 3. Bg2 g6 4. Nf3 Bg7 5. O-O O-O 6. c4 d6 7. Nc3 a5 8. b3 e5 9. dxe5 dxe5 10. e4 Nxe4 11. Qxd8 Rxd8 12. Nxe4 fxe4 13. Ng5 Na6 14. Nxe4 Bf5 15. Bb2 c6 16. Rad1 Bxe4 17. Bxe4 Nc5 18. Bg2 Nd3 19. Bc3 Nb4 20. Rxd8+ Rxd8 21. a3 Nc2 22. Bxa5 Ra8 23. b4 Nxa3 24. c5 Nb5 25. Rd1 Nd4 26. Bh3 Kf7 27. Bc7 Ra4 28. Rb1 Ra2 29. Bc8 Ne2+ 30. Kg2 Nc3 31. Re1 e4 32. Bf4 Ra4 33. Bxb7 Rxb4 34. Bxc6 Rc4 35. Bd6 Bf8 36. Bb7 Bxd6 37. cxd6 Ke6 38. f3 Kxd6 39. Bxe4 Nxe4 40. Rxe4 Rc2+ 41. Kh3 Rf2 42. Re3 Kd7 43. g4 g5 44. Kg3 Rf1 45. Re5 h6 46. Re2 Rg1+ 47. Kf2 Rh1 48. Kg2 Rd1 49. h4 Rd5 50. h5 Rd6 51. Kf2 Rd4 52. Ra2 Rd6 53. Ra7+ Ke6 54. Rh7 Ke5 55. Ke3 Ra6 56. Re7+ Kf6 57. Rd7 Ra3+ 58. Ke4 Ra4+ 59. Rd4 Ra6 60. Rb4 Re6+ 61. Kd5 Re3 62. Rb6+ Kg7 63. Rb7+ Kg8 64. Rb8+ Kg7 65. Rb7+ Kg8 66. Rb6 Kg7 67. Rg6+ Kh7 68. Rf6 Kg7 69. Rf5 Kh7 70. Kd4 Ra3 71. Ke4 Kg7 72. Rd5 Ra4+ 73. Ke5 Rf4 74. Rd7+ Kg8 75. Rd3 Kg7 76. Ra3 Kg8 77. Ke6 Kg7 78. Ke7 Kg8 79. Ra6 Kg7 80. Rg6+ Kh7 81. Rf6 Ra4 82. Kf7 Ra7+ 83. Ke6 Ra6+ 84. Ke5 Ra5+ 85. Ke4 Ra4+ 86. Ke3 Ra3+ 87. Kf2 Ra2+ 88. Kg3 Ra3 89. Re6 Rb3 90. Re4 Ra3 91. Re2 Rb3 92. Kf2 Kg7 93. Ra2 Rc3 94. Ra7+ Kg8 95. Rd7 Rb3 96. Ke2 Rc3 97. Rd3 Rc6 98. Ke3 Kg7 99. Rd7+ Kg8 100. Ke4 1/2-1/2


[Site "https://www.chess.com"]

[Event "Titled Tuesday Blitz April 18 Late 2023"]
[White "Bilych, Olexiy"]
[Black "Melikhov, Evgeny V."]
[WhiteFideId "14156504"]
[BlackFideId "4122046"]
[WhiteElo "2320"]
[BlackElo "2158"]
[Result "1-0"]
[Round "05"]
[TimeControl "180+2"]
[Date "2023.04.18"]
[WhiteClock "0:01:59"]
[BlackClock "0:00:07"]

1. d4 Nf6 2. c4 e6 3. Nf3 d5 4. Nc3 Bb4 5. cxd5 exd5 6. Qa4+ Nc6 7. Bg5 h6 8. Bxf6 Qxf6 9. e3 O-O 10. Rc1 a6 11. Qb3 Bg4 12. Be2 Rad8 13. O-O Qd6 14. a3 Bxc3 15. Qxc3 Rfe8 16. h3 Bxf3 17. Bxf3 Re7 18. Qc5 Qxc5 19. Rxc5 Red7 20. Rfc1 f5 21. b4 Kf7 22. b5 axb5 23. Rxb5 Ke6 24. Rxb7 Na5 25. Rbxc7 Nc4 26. Bxd5+ Kxd5 27. R1xc4 Rxc7 28. Rxc7 g5 29. Kf1 Rb8 30. Re7 Rb2 31. Re5+ Kc4 32. Rxf5 Kd3 33. Kg1 Ke2 34. g4 Ra2 35. Kg2 Rxa3 36. Rf6 Ra2 37. Rxh6 Ke1 38. Rf6 Rd2 39. Rf5 Rd3 40. Rxg5 1-0


[Site "https://www.chess.com"]